 Dungeon Crawl Stone Soup version 0.23-a0-767-gdc19b93d68 (webtiles) character file.

2 Esekla the Covered (level 1, -3/13 HPs)
             Began as a Demonspawn Wanderer on Jan 25, 2019.
             Slain by an ooze (4 damage)
             ... on level 1 of the Dungeon.
             The game lasted 00:02:21 (45 turns).

Esekla the Covered (Demonspawn Wanderer)              Turns: 45, Time: 00:02:21

Health: -3/13      AC:  2    Str: 12    XL:     1   Next: 25%
Magic:  1/3        EV: 11    Int: 11    God:
Gold:   0          SH:  0    Dex: 14    Spells: 3/4 levels left

rFire    . . .     SeeInvis .   e - +0 dagger
rCold    . . .     Gourm    .   (no shield)
rNeg     . . .     Faith    .   d - +0 robe
rPois    .         Spirit   .   (no helmet)
rElec    .         Reflect  .   (no cloak)
rCorr    .         Harm     .   (no gloves)
MR       .....                  (no boots)
Stlth    +.........             (no amulet)
HPRegen  0.04/turn              (no ring)
MPRegen  0.08/turn              (no ring)

@: no status effects
A: no striking features
a: no special abilities


You were on level 1 of the Dungeon.
You were not hungry.

You visited 1 branch of the dungeon, and saw 1 of its levels.

Inventory:

Hand Weapons
 e - a +0 dagger (weapon)
Armour
 d - a +0 robe (worn)
Wands
 c - a wand of random effects (15)
Comestibles
 f - 2 rations


   Skills:
 * Level 0.1 Fighting
 - Level 1.0 Throwing
 - Level 2.6 Armour
 - Level 2.0 Spellcasting
 * Level 0.1 Conjurations
   Level 1.0 Hexes
   Level 1.7 Earth Magic
 * Level 0.3 Poison Magic
 - Level 1.0 Evocations


You had 3 spell levels left.
You knew the following spells:

 Your Spells              Type           Power        Failure   Level  Hunger
a - Sting                 Conj/Pois      #...         26%         1    ##.....

Your spell library contained the following spells:

 Spells                   Type           Power        Failure   Level  Hunger
 Sandblast                Erth           #.....       14%         1    ##.....
 Passwall                 Tmut/Erth      #.......     30%         2    ###....
 Stone Arrow              Conj/Erth      #.....       52%         3    ####...
 Mephitic Cloud           Conj/Pois/Air  #.......     63%         3    ####...
 Petrify                  Tmut/Erth      #.......     90%         4    #####..
 Lee's Rapid Deconstruct  Erth           #.........   98%         5    ######.


Dungeon Overview and Level Annotations

Branches:
Dungeon (1/15)

Altars:


Message History

The ooze hits you.
You hit the ooze but do no damage.
The ooze is lightly wounded.
The ooze hits you.
You hit the ooze.
The ooze is moderately wounded.
The ooze hits you but does no damage.
You hit the ooze.
The ooze is heavily wounded.
The ooze hits you.
* * * LOW HITPOINT WARNING * * *
Casting: Sting (safe; 26% risk of failure)
Confirm with . or Enter, or press ? or * to list all spells.
Aiming: Sting (safe; 26% risk of failure)
Press: ? - help, Shift-Dir - straight line, f - ooze
Aim: an ooze (heavily wounded)
The sting hits the ooze.
The ooze is severely wounded.
The ooze hits you.
You die...

#.## .# ♣P≈≈P..≈≈♣ ≈#..#
.# P.≈≈..♣≈≈♣P≈##.# .#
P♣≈≈♣.♣≈≈♣.≈##.## .###
.♣≈≈PPP≈≈P.≈##..# ...
.P≈≈♣P♣≈≈P.≈##..###.#
P.≈≈..P≈≈P♣≈#.......#
P.≈≈≈≈≈≈≈.P≈#..#J##.#
.♣≈.....≈P♣≈#..#@##...
≈≈≈.###.≈≈≈≈#...........
....#§#.....'.......###...
≈≈≈.###.≈≈≈≈#......... ..
..≈.....≈P.≈#..###..##.. .
♣♣≈≈≈≈≈≈≈♣♣≈#.## ..# .
P.≈≈♣♣♣≈≈♣♣≈#.# #.#
♣.≈≈PPP≈≈PP≈#.. ..
♣P≈≈P.P≈≈P♣≈#..


You could see an ooze.

Vanquished Creatures
  A giant cockroach (D:1)
  A rat (D:1)
2 creatures vanquished.

Notes
Turn   | Place    | Note
-------+----------+-------------------------------------------
     0 | D:1      | Esekla the Demonspawn Wanderer began the quest for the Orb.
     0 | D:1      | Esekla set off with the following items: a wand of random
                  | effects (15), a +0 robe, a +0 dagger, a ration; and the
                  | following spells available to memorise: Sandblast, Sting,
                  | Passwall, Stone Arrow, Mephitic Cloud, Petrify, Lee's Rapid
                  | Deconstruction
     0 | D:1      | Reached XP level 1. HP: 13/13 MP: 3/3
     5 | D:1      | Learned a level 1 spell: Sting
    45 | D:1      | Slain by an ooze

Vault maps used:
D:1:      lightli_arrival_farm, minmay_liquid_box

Action                   || total
-------------------------++-------
Melee: Dagger            ||     8
 Cast: Sting             ||     3
Armor: Robe              ||     1
Dodge: Dodged            ||     1

Table legend:
 A = Non-vault XP
 B = Vault XP
 C = Vault XP percentage of total XP
 D = Non-vault monster count
 E = Vault monster count
 F = Vault count percentage of total count
                 A         B        C        D         E       F
            +---------+---------+-------+---------+---------+-------
      Total |       3 |       0 |   0.0 |       2 |       0 |   0.0
            +---------+---------+-------+---------+---------+-------
        D:1 |       3 |       0 |   0.0 |       2 |       0 |   0.0
            +---------+---------+-------+---------+---------+-------
